 Dungeon Crawl Stone Soup version 0.24.0 (webtiles) character file.

Game seed: 13510785661450736500, levelgen mode: deterministic

16 Buxparty the Magician (level 2, 0/20 HPs)
             Began as a Gnoll Wanderer on Feb 5, 2020.
             Slain by a worm (2 damage)
             ... on level 2 of the Dungeon.
             The game lasted 00:03:31 (911 turns).

Buxparty the Magician (Gnoll Wanderer)               Turns: 911, Time: 00:03:31

Health: 0/20       AC:  3    Str: 14    XL:     2   Next: 54%
Magic:  2/10       EV: 11    Int: 12    God:
Gold:   32         SH:  0    Dex: 16    Spells: 14/15 levels left

rFire    . . .     SeeInvis .   a - +2 dagger
rCold    . . .     Gourm    .   (no shield)
rNeg     . . .     Faith    .   h - +1 robe {MR+}
rPois    .         Spirit   .   (no helmet)
rElec    .         Reflect  .   (no cloak)
rCorr    .         Harm     .   (no gloves)
MR       +....                  (no boots)
Stlth    +++.......             (no amulet)
HPRegen  0.06/turn              (no ring)
MPRegen  0.12/turn              (no ring)

@: very slightly contaminated
A: distributed training, fangs 1, strong nose
a: no special abilities


You were on level 2 of the Dungeon.
You were not hungry.

You visited 1 branch of the dungeon, and saw 2 of its levels.

You collected 32 gold pieces.

Inventory:

Hand Weapons
 a - a +2 dagger (weapon)
Missiles
 l - 18 poisoned darts (quivered)
Armour
 h - a +1 robe of magic resistance (worn)
Scrolls
 c - a scroll of identify {unknown}
 d - a scroll of teleportation
 j - a scroll of fear {unknown}
 k - 3 scrolls of immolation {unknown}
Potions
 b - a potion of berserk rage
 e - a potion of brilliance {unknown}
 g - a potion of ambrosia {unknown}
 i - a potion of haste {unknown}
Comestibles
 f - 2 rations


   Skills:
 + Level 0.4 Fighting
 + Level 0.4 Short Blades
 + Level 0.4 Long Blades
 + Level 0.4 Axes
 + Level 0.4 Maces & Flails
 + Level 0.4 Polearms
 + Level 0.4 Staves
 + Level 0.4 Slings
 + Level 0.4 Bows
 + Level 0.4 Crossbows
 + Level 0.4 Throwing
 + Level 0.4 Armour
 + Level 0.4 Dodging
 + Level 4.1 Stealth
 + Level 0.4 Shields
 + Level 0.4 Unarmed Combat
 + Level 7.1 Spellcasting
 + Level 0.2 Conjurations
 + Level 0.2 Hexes
 + Level 0.2 Charms
 + Level 0.2 Summonings
 + Level 0.2 Necromancy
 + Level 0.2 Translocations
 + Level 3.7 Transmutations
 + Level 3.7 Fire Magic
 + Level 0.2 Ice Magic
 + Level 0.2 Air Magic
 + Level 0.2 Earth Magic
 + Level 2.0 Poison Magic
 + Level 0.5 Invocations
 + Level 0.4 Evocations


You had 14 spell levels left.
You knew the following spells:

 Your Spells              Type           Power        Failure   Level  Hunger
a - Shock                 Conj/Air       #...         14%         1    None

Your spell library contained the following spells:

 Spells                   Type           Power        Failure   Level  Hunger
 Mephitic Cloud           Conj/Pois/Air  #.......     34%         3    ###....


Dungeon Overview and Level Annotations

Branches:
Dungeon (2/15)

Altars:


Innate Abilities, Weirdness & Mutations

Your experience applies equally to all skills.
You have very sharp teeth.
Your uncanny sense of smell can sniff out nearby items.


Message History

Press: ? - help, Shift-Dir - straight line, f/p - worm
Aim: a worm (heavily wounded)
You miscast Shock.
There is a short, sharp shower of sparks.
You hit the worm.
The worm is heavily wounded.
You barely miss the worm. You bite the worm, but do no damage.
The worm is heavily wounded.
The worm bites you!
Ouch! That really hurt!
You hit the worm.
The worm is heavily wounded.
The worm bites you!
* * * LOW HITPOINT WARNING * * *
You hit the worm but do no damage.
The worm is heavily wounded.
You hit the worm.
The worm is severely wounded.
The worm bites you.
You die...

...b. ......
.......##.....
...#.........
............
...........
#.........#
#.......w.+
#....)..@.# .
#........####....
.......##........>
#.#####
#.#########
#..........
#..######## #..#
#######..#
..(......#


You could see a worm and a bat (sleeping).

Vanquished Creatures
  4 bats (D:1)
  2 giant cockroaches (D:1)
  3 goblins (D:1)
  A hobgoblin (D:1)
  4 kobolds (D:1)
  A frilled lizard (D:1)
  A rat (D:1)
16 creatures vanquished.

Notes
Turn   | Place    | Note
-------+----------+-------------------------------------------
     0 | D:1      | Buxparty the Gnoll Wanderer began the quest for the Orb.
     0 | D:1      | Buxparty set off with the following items: a +2 dagger, a
                  | potion of berserk rage, a scroll of teleportation, a +0
                  | robe, a ration; and the following spell memorised: Shock;
                  | and the following spells available to memorise: Mephitic
                  | Cloud
     0 | D:1      | Reached XP level 1. HP: 13/13 MP: 8/8
   294 | D:1      | Reached XP level 2. HP: 19/19 MP: 5/10
   911 | D:2      | Slain by a worm

Levels and vault maps discovered:
D:1:      minmay_arrival_jagged, layout_loops_ring, minmay_3d_cube
D:2:      layout_basic, grunt_ministairs_3, uniq_jessica
